 Dungeon Sprint DCSS version 0.28-a0-909-g796cbd3a86 (webtiles) character file.

Game seed: 514095324823590318

448 Turgor the Imperceptible (level 6, -8/28 HPs)
             Began as a Spriggan Enchanter on Nov 24, 2021.
             Was an Initiate of Dithmenos.
             Mangled by Sonja (21 damage)
             ... in the Dungeon (Sprint I: "Red Sonja").
             The game lasted 00:02:24 (555 turns).

Turgor the Imperceptible (Spriggan Enchanter)        Turns: 555, Time: 00:02:24

Health: -8/28      AC:  2    Str:  4    XL:     6   Next: 73%
Magic:  11/11      EV: 17    Int: 17    God:    Dithmenos [......]
Gold:   169        SH:  0    Dex: 17    Spells: 10/10 levels left

rFire   . . .      SeeInvis +   a - +1 dagger
rCold   . . .      Faith    .   (shield restricted)
rNeg    . . .      Spirit   .   b - +0 robe
rPois   .          Reflect  .   (helmet restricted)
rElec   .          Harm     .   (no cloak)
rCorr   .          Rampage  .   (gloves unavailable)
Will    +....      NoTele   +   (boots unavailable)
Stlth   ++++++++..              (no amulet)
HPRegen 0.09/turn               (no ring)
MPRegen 0.12/turn               (no ring)

@: very quick
A: very small, no large weapons, unfitting armour, see invisible, speed 3
a: Renounce Religion


You were in the Dungeon.
You worshipped Dithmenos.
Dithmenos was noncommittal.
You visited 1 branch You collected 169 gold pieces.

Inventory:

Hand Weapons
 a - a +1 dagger (weapon)
Armour
 b - a +0 robe (worn)
Scrolls
 c - a scroll of enchant weapon {unknown}
 h - a scroll of identify {unknown}
 i - a scroll of blinking
Potions
 d - a potion of curing
 e - a potion of heal wounds
 f - a potion of haste
 g - 2 potions of magic


   Skills:
 + Level 1.1 Short Blades
 - Level 2.6 Dodging
 - Level 21.6 Stealth
 + Level 2.6 Spellcasting
 * Level 3.6 Hexes


You had 10 spell levels left.
You didn't know any spells.
Your spell library contained the following spells:

 Spells                   Type           Power      Damage    Failure   Level
 Confusing Touch          Hex            14%        N/A       12%         3
 Tukima's Dance           Hex            14%        N/A       12%         3
 Ensorcelled Hibernation  Hex/Ice        16%        N/A       13%         2
 Dazzling Flash           Conj/Hex       16%        N/A       26%         3


Dungeon Overview and Level Annotations

Branches:
Dungeon (1/1)

Altars:
Cheibriados
Dithmenos
Elyvilon
Fedhas
Gozag
Hepliaklqana
Kikubaaqudgha
Nemelex Xobeh
Okawaru
Qazlal
Ru
Sif Muna
Trog
Uskayaw
Vehumet
Wu Jian
Yredelemnul
Zin
The Shining One

Shops:
D [

Annotations:
D Sonja


Innate Abilities, Weirdness & Mutations

You are very small and have problems with some larger weapons.
You are too small for most types of armour.
You have supernaturally acute eyesight. (SInv)
You cover ground extremely quickly. (Speed+++)


Message History

You flicker for a moment.
You start resting.
You flicker back into view.
You start resting.
HP restored.
There is an open door here.
There is a shimmering blue altar of Sif Muna here.
As you open the door, it creaks loudly!
Found a scroll labelled KATHRE BEGOTWI.
There is an open door here.
c - a scroll labelled KATHRE BEGOTWI
There is an open door here.
There is a shimmering blue altar of Sif Muna here.
h - a scroll labelled ZIOXTY KOM ALY You now have 88 gold pieces (gained 7).
There is an open door here.
You now have 115 gold pieces (gained 27).
You now have 142 gold pieces (gained 27).
You now have 169 gold pieces (gained 27).
There is an open door here.
There is an ornate altar of the Wu Jian Council here.
You open the door.
Sonja, the Graceful Assassin comes into view.
She is wielding a +0 dagger of distortion and quivering curare-tipped darts.
Sonja shouts!
Found 108 gold pieces.
There is an open door here.
Okay, then.
You don't know any spells.
Unknown command.
You hit Sonja.
Sonja is lightly wounded.
Sonja closely misses you. x3; Sonja barely misses you.
Sonja completely misses you.
Sonja hits you with a +0 dagger of distortion.
You hit Sonja.
Sonja is lightly wounded.
Sonja hits you with a +0 dagger of distortion!
Space warps horribly around you!!
Ouch! That really hurt!
You die...

#<.#.)'..#.)'..#
#..'..#.)'..#..+
#..#####'#####'#
#..####..# #.#
#..#__#### ##.#
#..#_____##+#_.+
#⌠⌠#_.∩...'..._#
####_..__##_.#'#
#_____###@#.#
####### #K###
$.$ #$.$# ##.##
#+#


You could see Sonja.

Vanquished Creatures
  Sigmund (D)
  A yak (D)
  An ogre (D)
  A jelly (D)
  Ijyb (D)
5 creatures vanquished.

Notes
Turn   | Place    | Note
-------+----------+-------------------------------------------
     0 | D        | Turgor the Spriggan Enchanter began the quest for the Orb.
     0 | D        | Reached XP level 1. HP: 9/9 MP: 5/5
     1 | D        | Noticed Ijyb
    20 | D        | Killed Ijyb
    21 | D        | Reached skill level 10 in Stealth
    21 | D        | Reached XP level 2. HP: 5/13 MP: 6/6
   244 | D        | Noticed an ogre
   247 | D        | Killed an ogre
   248 | D        | Reached skill level 14 in Stealth
   248 | D        | Reached XP level 3. HP: 16/16 MP: 8/8
   248 | D        | Reached XP level 4. HP: 21/21 MP: 9/9
   256 | D        | Noticed Sigmund
   261 | D        | Killed Sigmund
   262 | D        | Reached skill level 18 in Stealth
   262 | D        | Reached XP level 5. HP: 12/24 MP: 10/10
   262 | D        | Reached XP level 6. HP: 14/28 MP: 11/11
   267 | D        | Found a shimmering blue altar of Sif Muna.
   268 | D        | Found an ornate altar of the Wu Jian Council.
   269 | D        | Found a radiant altar of Vehumet.
   274 | D        | Reached skill level 19 in Stealth
   278 | D        | Found Fifoneot's Armour Emporium.
   278 | D        | Found an ancient bone altar of Kikubaaqudgha.
   278 | D        | Found a hazy altar of Hepliaklqana.
   278 | D        | Found a stormy altar of Qazlal.
   278 | D        | Found a hide-covered altar of Uskayaw.
   278 | D        | Found a blossoming altar of Fedhas.
   278 | D        | Found a bloodstained altar of Trog.
   278 | D        | Found an iron altar of Okawaru.
   278 | D        | Found a basalt altar of Yredelemnul.
   278 | D        | Found a glowing golden altar of the Shining One.
   278 | D        | Found a snail-covered altar of Cheibriados.
   278 | D        | Found a sacrificial altar of Ru.
   278 | D        | Found a glowing silver altar of Zin.
   278 | D        | Found a shadowy altar of Dithmenos.
   278 | D        | Found a white marble altar of Elyvilon.
   278 | D        | Noticed a yak
   279 | D        | Found an opulent altar of Gozag.
   283 | D        | Found a sparkling altar of Nemelex Xobeh.
   289 | D        | Killed a yak
   290 | D        | Reached skill level 21 in Stealth
   295 | D        | Became a worshipper of Dithmenos the Shadowed
   552 | D        | Noticed Sonja
   555 | D        | Mangled by Sonja

Illustrated notes

Levels and vault maps discovered:
D:        dungeon_sprint_1 [red_sonja_temple_1, red_sonja_temple_small_1]

Skill      XL: |  1  2  3  4  5  6 |
---------------+-------------------+-----
Stealth        | 10 14 18 21 | 21.6
Short Blades   | |  1.1
Dodging        | |  2.6
Spellcasting   | |  2.6
Hexes          | |  3.6

Action                   |  1- 3 |  4- 6 || total
-------------------------+-------+-------++-------
Melee: Dagger            |    17 |    13 ||    30
  Use: Potion            |     1 |     1 ||     2
 Stab: Sleeping          |     2 |     1 ||     3
       Invisible         |       |     4 ||     4
Dodge: Dodged            |     7 |    11 ||    18

Table legend: (Time is in decaauts)
 A = Elapsed time spent in this place.
 B = Non-inter-level travel time spent in this place.
 C = Inter-level travel time spent in this place.
 D = Time resting spent in this place.
 E = Time spent auto-exploring this place.
 F = Levels seen in this place.
 G = Mean time per level.
                   A        B        C        D        E       F      G
               +--------+--------+--------+--------+--------+-----+--------+
         Total |    537 |    537 |      0 |    456 |      0 |   1 |  537.0 |
       Dungeon |    537 |    537 |      0 |    456 |      0 |   1 |  537.0 |
               +--------+--------+--------+--------+--------+-----+--------+

Top non-repeatable levels by time:
       D: 537 daAuts
